AoeStats
← ostojiic

Arena

508676212Analyzed
1v1 RM · 8d ago on Sep 23, 2026· 55m 21s· 2 players
Game mode
Random Map
Map size
Tiny (2 player)
Population
200
Speed
Normal
Resources
Standard
Victory
Conquest
Starting age
Dark Age
Ending age
Imperial Age
RankedLock teamsTeams togetherTeam positionsShared explorationLock speedFull tech treeHidden civsTurbo modeCheats
Victory
Defeat
🇬🇧 Goths · United Kingdom
496
+16
🇧🇦 Poles · Bosnia & Herzegovina
493
-16
ostojiic
12:48 Feudal Age
11:06 Loom
15:31 Wheelbarrow
14:58 Horse Collar
15:57 Man-at-Arms
17:42 Double-Bit Axe
21:43 Castle Age
21:55 Arson
22:29 Bloodlines
22:58 Long Swordsman
26:19 Bow Saw
32:40 Hand Cart
34:15 Forging
34:08 Scale Mail Armor
34:56 Guard Tower
35:27 Ballistics
36:51 Szlachta Privileges
42:33 Imperial Age
41:02 Iron Casting
40:43 Chain Mail Armor
40:34 Scale Barding Armor
40:36 Husbandry
44:21 Gold Mining
44:35 Heavy Plow
45:10 Two-Handed Swordsman
47:40 Chemistry
46:07 Elite Obuch
48:25 Elite Skirmisher
50:01 Champion
InvitingGecko35
11:12 Feudal Age
11:45 Loom
13:45 Double-Bit Axe
14:00 Gold Mining
14:58 Man-at-Arms
18:53 Horse Collar
24:01 Castle Age
22:39 Stone Mining
23:34 Forging
27:28 Long Swordsman
28:10 Squires
29:30 Wheelbarrow
31:40 Imperial Age
28:40 Elite Skirmisher
30:12 Scale Mail Armor
30:47 Iron Casting
34:17 Conscription
34:14 Two-Handed Swordsman
34:19 Pikeman
35:50 Hand Cart
36:05 Bow Saw
36:01 Heavy Plow
36:47 Stone Shaft Mining
36:31 Anarchy
39:15 Blast Furnace
40:26 Guilds
40:47 Perfusion
42:50 Crop Rotation
42:41 Town Watch
43:22 Masonry
42:57 Treadmill Crane
43:37 Chain Mail Armor
43:13 Champion
43:16 Halberdier
44:00 Elite Huskarl
46:32 Sappers
48:14 Two-Man Saw
46:49 Halberdier
48:16 Champion
51:31 Chemistry
Connection lost

Rejoining the realm…

Still unreachable

The connection could not be restored.

Session expired

The server has moved on; the page needs a fresh start.